 Dungeon Crawl Stone Soup version 0.14-a0-1297-g3d87a2a (webtiles) character file.

182 Jenx the Magician (level 4, 32/38 HPs)
             Began as a Djinni Wizard on Dec 4, 2013.
             Quit the game on Level 2 of the Dungeon.
             The game lasted 00:08:26 (2065 turns).

Jenx the Magician (Djinni Wizard)                   Turns: 2065, Time: 00:08:26

HP  32/38        AC  2     Str  8      XL: 4   Next:  5%
MP   0/0         EV 14     Int 19      God:
Gold 111         SH  0     Dex 11      Spells:  5 memorised,  0 levels left

rFire  + + +     SeeInvis .     a - +3,+0 elf short sword
rCold  x . .     Clarity  .     j - +0 robe
rNeg   + + +     Conserve .     (no shield)
rPois  .         rCorr    .     h - +0 wizard hat
rElec  .         rRot     .     (no cloak)
SustAb . .       Spirit   .     (no gloves)
rMut   .         Warding  .     (boots unavailable)
Saprov . . .     Stasis   .     (no amulet)
                                (no ring)
                                f - cursed +2 ring of evasion

@: flying, slightly resistant to hostile enchantments, unstealthy
A: fire immunity, cold vulnerability, life protection 3
a: no special abilities


You were on level 2 of the Dungeon.
You were not hungry.

You visited 1 branch of the dungeon, and saw 2 of its levels.

You collected 111 gold pieces.

Inventory:

Hand weapons
 a - a +3,+0 elven short sword (weapon)
 b - a +0,+0 sling
Missiles
 d - 8 darts (quivered)
 i - 13 stones
Armour
 h - a +0 wizard hat (worn)
 j - a +0 robe (worn)
Scrolls
 k - a scroll of magic mapping {unknown}
 l - a scroll of identify {unknown}
Jewellery
 f - a cursed +2 ring of evasion (left hand)
Potions
 e - a potion of agility {unknown}
 g - a potion of restore abilities {unknown}
Books
 c - a book of Minor Magic

   Spells                             Type                      Level
   *Magic Dart                        Conjuration                  1
   Blink                              Translocation                2
   *Call Imp                          Summoning                    2
   *Repel Missiles                    Charms/Air                   2
   Slow                               Hexes                        2
   *Conjure Flame                     Conjuration/Fire             3
   *Mephitic Cloud                    Conjuration/Poison/Air       3


   Skills:
 - Level 1.7 Dodging
 - Level 1.5 Stealth
 - Level 4.1 Spellcasting
 * Level 3.8 Conjurations
 - Level 1.0 Summonings
   Level 1.0 Translocations


You couldn't memorise any spells.
You knew the following spells:

 Your Spells              Type           Power        Failure   Level  Hunger
a - Magic Dart            Conj           ###.         3%          1    None
b - Call Imp              Summ           #.........   14%         2    #......
c - Repel Missiles        Chrm/Air       #.........   21%         2    #......
d - Mephitic Cloud        Conj/Pois/Air  #.......     28%         3    ###....
e - Conjure Flame         Conj/Fire      ##......     21%         3    ###....


Dungeon Overview and Level Annotations

Branches:
Dungeon (2/16)

Altars:
Cheibriados


Innate Abilities, Weirdness & Mutations

You are immune to all types of fire, even holy and hellish.
You are vulnerable to cold.
You need no food.
You have no legs.
You are immune to negative energy.


Message History

Casting: Magic Dart
Confirm with . or Enter, or press ? or * to list all spells.
Aiming: Magic Dart
Press: ? - help, Shift-Dir - straight line, f - jackal
Aim: a jackal The magic dart hits the jackal.
You kill the jackal!
Casting: Magic Dart
Confirm with . or Enter, or press ? or * to list all spells.
You can't see any susceptible monsters within range! (Use Z to cast anyway.) Unknown command.
You start resting.
Your magical contamination has completely faded away.
Casting: Magic Dart
Confirm with . or Enter, or press ? or * to list all spells.
Okay, then.
Save game and exit?
Welcome back, Jenx the Djinni Wizard.
Press ? for a list of commands and other information.
Are you sure you want to abandon this character and quit the game? (Confirm with "yes".)

#+#..###.#
#........#
###..##..#
#......# #...##.#
......##.#
####..##.#
############..##%#
........<.....##@#
##............##.#
...#<%........##.#
############.###.#
.>...............#
#.################
#.#..............#
#......#########.#
#......# #.#


There were no monsters in sight!

Vanquished Creatures
  An adder (D:2)
  An inept feature mimic (D:2)
  A worm (D:2)
  2 giant geckos
  A giant cockroach (D:1)
  4 goblins
  4 hobgoblins (D:1)
  7 jackals
  3 kobolds (D:1)
  A quokka (D:2)
  A ball python (D:1)
  10 bats
  6 rats
42 creatures vanquished.

Vanquished Creatures (collateral kills)
  A giant gecko (D:1)
  2 hobgoblins
  3 jackals (D:1)
  A giant cockroach (D:2)
  A kobold (D:2)
8 creatures vanquished.

Vanquished Creatures (others)
  A white imp (D:2)
1 creature vanquished.

Grand Total: 51 creatures vanquished

Notes
Turn   | Place    | Note
--------------------------------------------------------------
     0 | D:1      | Jenx, the Djinni Wizard, began the quest for the Orb.
     0 | D:1      | Reached XP level 1. HP: 15/15 MP: 0/0
   376 | D:1      | Reached XP level 2. EP: 12/23
   502 | D:1      | Reached skill level 4 in Spellcasting
   516 | D:1      | Learned a level 2 spell: Call Imp
   519 | D:1      | Learned a level 2 spell: Repel Missiles
  1080 | D:1      | Reached XP level 3. EP: 23/30
  1116 | D:1      | Learned a level 3 spell: Mephitic Cloud
  1301 | D:1      | Found a snail-covered altar of Cheibriados.
  2025 | D:2      | Reached XP level 4. EP: 38/38
  2032 | D:2      | Learned a level 3 spell: Conjure Flame
  2065 | D:2      | Quit the game

Action                   |  1- 3 |  4- 6 || total
-------------------------+-------+-------++-------
Melee: Spear             |    34 |       ||    34
       Dagger            |     9 |       ||     9
       Short sword       |    55 |       ||    55
 Fire: Sling             |    17 |       ||    17
Throw: Dart              |    32 |       ||    32
 Cast: Magic Dart        |    48 |     5 ||    53
       Call Imp          |     7 |       ||     7
  Use: Scroll            |     3 |       ||     3
 Stab: Sleeping          |     1 |       ||     1
